 Dungeon Crawl Stone Soup version 0.32-a0-586-gd5c3ca0 (webtiles) character file.

Game seed: 5692682806092186518

214 Remcycle the Cudgeller (level 5, -1/75 HPs)
             Began as a Troll Monk on Mar 2, 2024.
             Slain by an orc wizard
             ... wielding a +0 dagger
              (4 damage)
             ... on level 4 of the Dungeon.
             The game lasted 00:04:27 (1994 turns).

Remcycle the Cudgeller (Troll Monk)                 Turns: 1994, Time: 00:04:27

Health: -1/75      AC:  4    Str: 16    XL:     5   Next: 60%
Magic:  4/4        EV: 15    Int:  6    God:
Gold:   79         SH:  0    Dex: 12    Spells: 4/4 levels left

rFire   + .          .
                       - Unarmed
rCold   + . .        d - orb {light}
rNeg    . . .        b - +0 robe
rPois   +            (helmet restricted)
rElec   .            j - scarf "Lughig" {rC+ rF+, ^Contam +Inv rPois Str-5 SInv}
rCorr   .            (gloves unavailable)
SInv    +            (boots unavailable)
Will    .....        (no amulet) Stlth
                     i - +5 ring of evasion
HPRegen 1.12/turn    (no ring)
MPRegen 0.09/turn

%: no passive effects
@: confused, mighty, berserking, glowing, very quick
A: large, unfitting armour, claws 3, regeneration 1, shaggy fur 1, tough skin 1
a: Evoke Invisibility


You were on level 4 of the Dungeon.
You visited 1 branch of the dungeon, and saw 4 of its levels.

You collected 79 gold pieces.

Inventory:

Hand Weapons
 a - a +0 mace
Armour
 b - a +0 robe (worn)
 d - an orb of light (worn)
 f - a +0 kite shield
 j - the scarf "Lughig" (worn) {rC+ rF+, ^Contam +Inv rPois Str-5 SInv}
   (You found it on level 1 of the Dungeon)

   Str-5:     It affects your strength (-5).
   rPois:     It protects you from poison.
   SInv:      It lets you see invisible.
   +Inv:      It lets you turn invisible.
   ^Contam:   It causes magical contamination when unequipped.
Jewellery
 i - a +5 ring of evasion (left claw)
 k - a +5 ring of evasion
 p - a ring of fire
Wands
 l - a wand of iceblast (9)
Scrolls
 g - a scroll of immolation {unknown}
 n - a scroll of enchant armour {unknown}
 q - a scroll of teleportation {unknown}
 r - a scroll of identify {unknown}
 t - a scroll of revelation {unknown}
Potions
 e - a potion of heal wounds {unknown}
 h - a potion of invisibility {unknown}
 o - a potion of resistance {unknown}
 u - a potion of brilliance {unknown}
 v - a potion of haste {unknown}
 w - a potion of attraction {unknown}


   Skills:
 - Level 2.4 Fighting
 + Level 4.5 Maces & Flails
 - Level 2.4 Dodging
 + Level 3.7 Unarmed Combat


You had 4 spell levels left.
You didn't know any spells.
Your spell library contained the following spells:

 Spells                   Type           Power      Damage    Failure   Level
 Sublimation of Blood     Necr           0%         N/A       58%         2


Dungeon Overview and Level Annotations

Branches:
Dungeon (4/15)
 Temple: D:4-7

Altars:
Dithmenos
Makhleb

Shops:
D:3 ?[:[[


Innate Abilities, Weirdness & Mutations

You are too large for most types of armour.
You have claws for hands.
Your natural rate of healing is unusually fast.
You are covered in fur. (AC +1)
You have tough skin. (AC +1)


Message History

You scratch the ogre.
The ogre is heavily wounded.
The orc wizard casts a spell.
The orc wizard flickers and vanishes for a moment.
You scratch the ogre.
The ogre is heavily wounded.
The ogre completely misses you.
The orc wizard hits you with a +0 dagger.
Unknown command.
You scratch the ogre.
The ogre is severely wounded.
The orc wizard closely misses you.
You scratch the ogre.
The ogre is almost dead.
The ogre closely misses you.
The orc wizard hits you with a +0 dagger.
* * * LOW HITPOINT WARNING * * *
You scratch the ogre but do no damage.
The ogre is almost dead.
The ogre hits you with a +0 giant club!
* * * LOW HITPOINT WARNING * * *
The orc wizard barely misses you.
You scratch the ogre.
You kill the ogre!
You have reached level 5!
It was a potion of might.
You feel very mighty all of a sudden. The orc wizard casts a spell at you.
The magic dart hits you.
* * * LOW HITPOINT WARNING * * *
The orc hits you but does no damage.
It was a potion of berserk rage.
A red film seems to cover your vision as you go berserk!
You feel yourself moving faster!
You feel mighty!
The orc wizard points at you and mumbles some strange words.
You are confused.
The orc closely misses you.
You closely miss the orc wizard.
The orc wizard hits you with a +0 dagger.
You die...

##+## ##.>.##
##.....## .
##.......## ..<
#....)...o####...##
+.......ooo@ooo....
#........J####.#.##
##.......##
##.[...## ##...##
##+##


You could see a jelly, an orc wizard (invisible) and 6 orcs.

Vanquished Creatures
  An ogre (D:4)
  A bombardier beetle (D:3)
  Jessica (D:3)
  An adder (D:2)
  A dart slug (D:2)
  9 orcs
  A bat (D:1)
  6 endoplasms
  4 giant cockroaches
  3 hobgoblins
  5 kobolds
  3 quokkas (D:3)
  7 ball pythons
  A frilled lizard (D:1)
  4 goblins
  4 rats
52 creatures vanquished.

Notes
Turn   | Place    | Note
-------+----------+-------------------------------------------
     0 | D:1      | Remcycle the Troll Monk began the quest for the Orb.
     0 | D:1      | Reached XP level 1. HP: 22/22 MP: 0/0
   142 | D:1      | Identified the scarf "Lughig" {rC+ rF+, ^Contam +Inv rPois
                  | Str-5 SInv}
   258 | D:1      | Reached skill level 3 in Maces & Flails
   258 | D:1      | Reached skill level 1 in Unarmed Combat
   265 | D:1      | Reached XP level 2. HP: 29/29 MP: 1/1
  1163 | D:2      | Reached XP level 3. HP: 32/36 MP: 2/2
  1284 | D:3      | Found Fen Rauh's Magic Scroll Emporium.
  1314 | D:3      | Found Hibathru's Book Shoppe.
  1370 | D:3      | Found Ruck's Antique Armour Emporium.
  1424 | D:3      | Found a shadowy altar of Dithmenos.
  1497 | D:3      | Found Howkaok's Antique Armour Shop.
  1560 | D:3      | Reached XP level 4. HP: 41/44 MP: 3/3
  1572 | D:3      | Noticed Jessica
  1577 | D:3      | Killed Jessica
  1578 | D:3      | Reached skill level 4 in Maces & Flails
  1588 | D:3      | Got Jessica's Thoughts on Caskets
  1617 | D:3      | Found Qenen's Antique Armour Emporium.
  1773 | D:3      | Found a burning altar of Makhleb.
  1965 | D:4      | Noticed an ogre
  1990 | D:4      | HP: 2/44 [ogre/+0 giant club (12)]
  1991 | D:4      | Killed an ogre
  1992 | D:4      | Reached XP level 5. HP: 3/50 MP: 4/4
  1994 | D:4      | Slain by an orc wizard

Illustrated notes

Levels and vault maps discovered:
D:1:      amcnicky_arrival_gap_in_the_tavern_cellar, layout_basic,
          kennysheep_another_room, dk_noncrumbling_2
D:2:      layout_rooms, serial_corexii_hall, corexii_hall_statues_t,
          corexii_hall_statues_t, nicolae_figureground_pulse
D:3:      layout_loops_ring, marbit_many_paths, nicolae_dithmenos_shadow_blocks,
          serial_shops, nicolae_shop_hallway_stairs, shop,
          nicolae_shop_dealshenge, shop, nicolae_shop_behind_doors,
          kennysheep_jessica_study
D:4:      layout_loops_corners, nicolae_overflow_hidden_temple, serial_shops,
          shop, kennysheep_boxes, uniq_menkaure

Skill      XL: |  1  2  3  4 |
---------------+-------------+-----
Maces & Flails | 3 4 |  4.5
Unarmed Combat | 1 2 3 |  3.7
Fighting       | |  2.4
Dodging        | |  2.4

Action                     |  1- 3 |  4- 6 || total
---------------------------+-------+-------++-------
  Melee: Unarmed           |    99 |    34 ||   133
    Use: Potion            |       |     3 ||     3
 Armour: Robe              |    46 |    41 ||    87
  Dodge: Dodged            |    79 |    55 ||   134

Table legend: (Time is in decaauts)
 A = Elapsed time spent in this place.
 B = Non-inter-level travel time spent in this place.
 C = Inter-level travel time spent in this place.
 D = Time resting spent in this place.
 E = Time spent auto-exploring this place.
 F = Levels seen in this place.
 G = Mean time per level.
                   A        B        C        D        E       F      G
               +--------+--------+--------+--------+--------+-----+--------+
         Total |   1987 |   1910 |     77 |      0 |   1595 |   4 |  496.8 |
       Dungeon |   1987 |   1910 |     77 |      0 |   1595 |   4 |  496.8 |
               +--------+--------+--------+--------+--------+-----+--------+

Top non-repeatable levels by time:
     D:1: 837 daAuts
     D:3: 699 daAuts
     D:2: 423 daAuts
     D:4: 27 daAuts
